 Dungeon Crawl Stone Soup version 0.31-a0-981-geadf994542 (webtiles) character file.

Game seed: 17234632315194326518

46 Whiskey the Changeling (level 3, -1/23 HPs)
             Began as an Octopode Shapeshifter on Nov 2, 2023.
             Slain by a goblin
             ... wielding a +0 dagger
             ... led by Robin
              (4 damage)
             ... on level 2 of the Dungeon.
             The game lasted 00:01:42 (1117 turns).

Whiskey the Changeling (Octopode Shapeshifter)      Turns: 1117, Time: 00:01:43

Health: -1/23      AC:  1    Str: 13    XL:     3   Next: 66%
Magic:  3/3        EV: 13    Int: 14    God:
Gold:   105        SH:  0    Dex: 11    Spells: 2/2 levels left

rFire   + .          .
                       - Unarmed
rCold   . . .        (no shield)
rNeg    . . .        (helmet currently unavailable)
rPois   .            (no amulet)
rElec   .            d - ring of protection from fire {rF+, !d}
rCorr   .            (no ring)
SInv    .            (no ring)
Will    .....        (no ring)
Stlth   ++           (no ring)
HPRegen 0.23/turn    (no ring)
MPRegen 0.08/turn    (no ring)
                     (no ring)

%: no passive effects
@: beast-form, attractive
A: beast (slay +2), almost no armour, amphibious, 8 rings, camouflage 1,
gelatinous body 1, (nimble swimmer 1), tentacles
a: Begin Untransformation


You were on level 2 of the Dungeon.
You were a hulking beast.
You visited 1 branch of the dungeon, and saw 2 of its levels.

You collected 105 gold pieces.

Inventory:

Magical Staves
 n - a staff of earth
   (You found it on level 1 of the Dungeon)
 p - a staff of fire {rF+}
   (You found it on level 2 of the Dungeon)
Jewellery
 d - a ring of protection from fire (left tentacle) {rF+, !d}
   (You found it on level 1 of the Dungeon)
 l - a ring of ice {rC+, rF-}
   (You found it on level 1 of the Dungeon)
Talismans
 b - a beast talisman
 c - a flux talisman
Scrolls
 e - 3 scrolls of vulnerability {unknown}
 f - a scroll of poison {unknown}
 h - a scroll of teleportation {unknown}
 i - a scroll of noise {unknown}
 j - 2 scrolls of enchant weapon {unknown}
 k - a scroll of identify {unknown}
Potions
 a - a potion of lignification {!q}
 g - 2 potions of curing {unknown}
 m - a potion of attraction {!q}
 o - a potion of heal wounds {unknown}


   Skills:
 - Level 1.0 Fighting
 - Level 2.0 Dodging
 - Level 3.0 Unarmed Combat
 + Level 4.3 Shapeshifting


You had 2 spell levels left.
You didn't know any spells.
Your spell library contained the following spells:

 Spells                   Type           Power      Damage    Failure   Level
 Shock                    Conj/Air       0%         1d3       28%         1
 Swiftness                Air            0%         N/A       65%         3
 Airstrike                Air            0%         2d(0-16)  96%         4


Dungeon Overview and Level Annotations

Branches:
Dungeon (2/15)

Altars:

Annotations:
D:2 Robin


Innate Abilities, Weirdness & Mutations

You are a hulking beast.
Your limbs bulge with bestial killing power. (Slay +2)
You cannot wear most types of armour.
You are amphibious.
You can wear up to eight rings at the same time.
Your skin changes colour to match your surroundings (Stealth+).
Your rubbery body absorbs attacks. (AC +1, EV +1)
((You are camouflaged when in or above water. (Stealth+)))
You have tentacles for arms and can constrict up to eight enemies at once.


Message History

You now have 99 gold pieces (gained 5).
o - a lumpy dark potion Health restored: 23 You now have 105 gold pieces (gained 6).
m - 2 pink potions (gained 1)
p - a staff of fire {rF+} You see here a +0 halberd.
Found a stone staircase leading down.
A quokka comes into view.
Found a scale mail.
Found a stone staircase leading up.
The helpless quokka fails to defend itself.
You tentacle-slap the quokka but do no damage.
Your grab misses the quokka. Your squeeze misses the quokka.
The quokka barely misses you.
You tentacle-slap the quokka.
You kill the quokka!
No target in view!
No target in view!
No target in view!
An endoplasm comes into view.
Found a stone staircase leading down.
A rat comes into view.
The helpless endoplasm fails to defend itself.
You tentacle-slap the endoplasm. You squeeze the endoplasm.
You kill the endoplasm!
You tentacle-slap the rat.
You kill the rat!
No target in view!
No target in view!
No target in view!
No target in view!
No target in view! 2 goblins come into view.
A goblin comes into view. It is wielding a +0 dagger.
The goblin shouts!
You hear a shout! x3
Robin, a goblin and a hobgoblin come into view.
Robin throws the goblin at you!
A goblin comes into view. It is wielding a +0 dagger.
A goblin and a hobgoblin come into view.
The goblin shouts!
Robin throws the goblin at you! The goblin completely misses you.
The goblin closely misses you.
You barely miss the goblin.
The hobgoblin shouts!
You grab the goblin. You squeeze the goblin.
You kill the goblin!
Robin throws the goblin at you!
A goblin comes into view. It is wielding a +0 dagger.
The goblin completely misses you.
A hobgoblin comes into view.
The goblin barely misses you.
You closely miss the goblin.
The goblin shouts!
You grab the goblin.
You constrict the goblin, but do no damage.
The goblin hits you with a +0 dagger. The goblin hits you but does no damage.
You barely miss the goblin. You constrict the goblin.
The goblin hits you with a +0 dagger. x2
You tentacle-slap the goblin.
You kill the goblin!
Robin says, "My goblins will feast on your bones."
The goblin barely misses you.
You bludgeon the goblin!
You kill the goblin!
Robin roars a battlecry!
The goblins go into a battle-frenzy!
You closely miss the goblin. Your grab misses the goblin.
You squeeze the goblin.
You kill the goblin!
The goblin closely misses you.
Items here: )) ††.
You completely miss the goblin. You grab the goblin.
You constrict the goblin, but do no damage.
You barely miss the goblin. You squeeze the goblin.
You kill the goblin!
Robin throws the goblin at you! The goblin closely misses you.
You miss the goblin. You grab the goblin. Your squeeze misses the goblin.
You constrict the goblin. The goblin hits you with a +0 dagger.
Robin says, "My goblins will feast on your bones."
The goblin hits you with a +0 dagger.
* * * LOW HITPOINT WARNING * * *
You are too injured to fight recklessly!
You are too injured to fight recklessly!
You are too injured to fight recklessly!
You are too injured to fight recklessly!
You are too injured to fight recklessly!
You are too injured to fight recklessly!
You are too injured to fight recklessly!
You are too injured to fight recklessly!
You take 19 damage, and have 4/23 hp.
MASSIVE DAMAGE!!
You are too injured to fight recklessly!
You are too injured to fight recklessly!
You are too injured to fight recklessly!
You are too injured to fight recklessly!
It was a potion of attraction.
You feel attractive to monsters.
You constrict the goblin. The goblin hits you with a +0 dagger.
* * * LOW HITPOINT WARNING * * *
The goblin hits you with a +0 dagger.
You die...

##.#####.## #.# #)#
###.### #.# ###
#.....# ###.#
##.######.###.#####
..#.# #.........#
#...>.. #.#.#
##.######.###.#####
#.#.# #)# #.....#
#.#.# #g# #####.#
#.#.# #h# #†#
########.#.# #g#
#.# ...........#
#g# #.#
########.#.# #g#
#.# ...........#
#g# #.#
############ .g.
..# .#. .## . .


You could see Robin, 3 hobgoblins and 2 goblins.

Vanquished Creatures
  An adder (D:2)
  A dart slug (D:2)
  4 ball pythons
  3 endoplasms
  6 goblins
  A hobgoblin (D:1)
  5 kobolds (D:1)
  4 quokkas
  3 bats (D:1)
  5 rats
33 creatures vanquished.

Notes
Turn   | Place    | Note
-------+----------+-------------------------------------------
     0 | D:1      | Whiskey the Octopode Shapeshifter began the quest for the
                  | Orb.
     0 | D:1      | Reached XP level 1. HP: 13/13 MP: 1/1
   141 | D:1      | Reached XP level 2. HP: 6/18 MP: 2/2
   896 | D:2      | Reached skill level 4 in Shapeshifting
   896 | D:2      | Reached XP level 3. HP: 23/23 MP: 3/3
  1105 | D:2      | Noticed Robin
  1116 | D:2      | HP: 4/23 [goblin/+0 dagger[Robin] (4)]
  1117 | D:2      | Slain by a goblin

Illustrated notes

Levels and vault maps discovered:
D:1:      tarquinn_simple_flora_water_e, layout_basic, minmay_circled_x
D:2:      layout_loops_ring, guppyfry_early_lair_pool, uniq_robin, uniq_jessica

Skill      XL: |  1  2 |
---------------+-------+-----
Shapeshifting  | 4 |  4.3
Fighting       | |  1.0
Dodging        | |  2.0
Unarmed Combat | |  3.0

Action                     || total
---------------------------++-------
  Melee: Unarmed           ||    60
         Constrict         ||    18
         Tentacles         ||    12
         Punch             ||     4
    Use: Potion            ||     1
   Stab: Sleeping          ||     9
 Armour: Skin              ||    30
  Dodge: Dodged            ||    39

Table legend: (Time is in decaauts)
 A = Elapsed time spent in this place.
 B = Non-inter-level travel time spent in this place.
 C = Inter-level travel time spent in this place.
 D = Time resting spent in this place.
 E = Time spent auto-exploring this place.
 F = Levels seen in this place.
 G = Mean time per level.
                   A        B        C        D        E       F      G
               +--------+--------+--------+--------+--------+-----+--------+
         Total |   1113 |   1094 |     19 |      0 |    910 |   2 |  556.5 |
       Dungeon |   1113 |   1094 |     19 |      0 |    910 |   2 |  556.5 |
               +--------+--------+--------+--------+--------+-----+--------+

Top non-repeatable levels by time:
     D:1: 827 daAuts
     D:2: 285 daAuts

Levels and vault maps discovered:
D:1:      tarquinn_simple_flora_water_e, layout_basic, minmay_circled_x
D:2:      layout_loops_ring, guppyfry_early_lair_pool, uniq_robin, uniq_jessica

Table legend: (Time is in decaauts)
 A = Elapsed time spent in this place.
 B = Non-inter-level travel time spent in this place.
 C = Inter-level travel time spent in this place.
 D = Time resting spent in this place.
 E = Time spent auto-exploring this place.
 F = Levels seen in this place.
 G = Mean time per level.
                   A        B        C        D        E       F      G
               +--------+--------+--------+--------+--------+-----+--------+
         Total |   1113 |   1094 |     19 |      0 |    910 |   2 |  556.5 |
       Dungeon |   1113 |   1094 |     19 |      0 |    910 |   2 |  556.5 |
               +--------+--------+--------+--------+--------+-----+--------+

Top non-repeatable levels by time:
     D:1: 827 daAuts
     D:2: 285 daAuts

Table legend:
 A = Kills in this place as a percentage of kills in the entire game.
 B = Kills by you in this place as a percentage of kills by you in the entire game.
 C = Kills by friends in this place as a percentage of kills by friends in the entire game.
 D = Other kills in this place as a percentage of other kills in the entire game.
 E = Experience gained in this place as a percentage of experience gained in the entire game.
 F = Experience gained in this place divided by the number of levels of this place that you have seen.
                   A       B       C       D       E      F
               +-------+-------+-------+-------+-------+----------------------
         Total | 100.0 | 100.0 |   N/A |   N/A | 100.0 |  33.0
       Dungeon | 100.0 | 100.0 |   N/A |   N/A | 100.0 |  33.0
               +-------+-------+-------+-------+-------+----------------------
